 Dungeon Crawl Stone Soup version 0.25-a0-253-g6f1b5d974a (webtiles) character file.

Game seed: 15781024242013763104, levelgen mode: classic

57690 Borgoz the Carver (level 14, 0/135 HPs)
             Began as a Gargoyle Gladiator on Dec 6, 2019.
             Was the Champion of Okawaru.
             Slain by Rupert
             ... wielding a +3 executioner's axe of flaming
              (12 damage)
             ... on level 5 of the Lair of Beasts.
             The game lasted 01:04:09 (23024 turns).

Borgoz the Carver (Gargoyle Gladiator)             Turns: 23024, Time: 01:04:10

Health: 0/135      AC: 15    Str: 32    XL:     14   Next: 87%
Magic:  19/19      EV: 21    Int:  9    God:    Okawaru [******]
Gold:   1420       SH:  0    Dex: 31    Spells: 13/13 levels left

rFire    . . .     SeeInvis +   a - +4 great sword "Zesodd Cida" {flame, *Drain Dex+7}
rCold    + . .     Gourm    .   (shield currently unavailable)
rNeg     + . .     Faith    .   (no armour)
rPois    ∞         Spirit   .   k - +0 hat of the Black Skies {Regen+ Dex+8}
rElec    +         Reflect  .   q - scarf {cloud immunity}
rCorr    .         Harm     .   K - +0 pair of gloves of Qazlal's Esteem {rC+ Str+4}
MR       +....                  T - +2 pair of boots {run}
Stlth    ..........             J - amulet of rage
HPRegen  0.72/turn              L - +5 ring of dexterity
MPRegen  0.16/turn              I - ring of see invisible

@: berserking, flying, heavily drained, very quick
A: big wings, negative energy resistance 1, electricity resistance, unbreathing,
petrification resistance, rot immunity, AC +10
a: Stop Flying, Heroism, Finesse, Renounce Religion, Evoke Berserk Rage


You were on level 5 of the Lair of Beasts.
You worshipped Okawaru.
Okawaru was exalted by your worship.
You were not hungry.

You visited 3 branches of the dungeon, and saw 21 of its levels.
You also visited: Bailey, Gauntlet and Ice Cave.

You collected 1636 gold pieces.
You spent 216 gold pieces at shops.

Inventory:

Hand Weapons
 a - the +4 great sword "Zesodd Cida" (weapon) {flame, *Drain Dex+7}
   (You found it on level 14 of the Dungeon)

   It has been specially enchanted to burn those struck by it, causing extra
   injury to most foes and up to half again as much damage against particularly
   susceptible opponents.
   Big, fiery blades are also staple armaments of hydra-hunters.
   It affects your dexterity (+7).
   It causes draining when unequipped.
Missiles
 d - 3 throwing nets (quivered)
Armour
 k - the +0 hat of the Black Skies (worn) {Regen+ Dex+8}
   (You found it in a Gauntlet)

   It affects your dexterity (+8).
   It increases your rate of regeneration.
 p - a scarf of repulsion
 q - a scarf of cloud immunity (worn)
 K - the +0 pair of gloves of Qazlal's Esteem (worn) {rC+ Str+4}
   (You found it on level 1 of the Lair of Beasts)

   It affects your strength (+4).
   It protects you from cold.
 M - the +5 ring mail "Sulac" {-Cast rPois rC+ Dex+6}
   (Okawaru gifted it to you on level 12 of the Dungeon)

   It affects your dexterity (+6).
   It protects you from cold.
   It protects you from poison.
   It prevents spellcasting.
 S - the +4 ring mail "Othic" {rCorr}
   (You found it on level 14 of the Dungeon)

   It provides partial protection from all sources of acid and corrosion.
 T - a +2 pair of boots of running (worn)
Jewellery
 I - a ring of see invisible (right hand)
 J - an amulet of rage (around neck)
 L - a +5 ring of dexterity (left hand)
Wands
 b - a wand of disintegration (17)
 j - a wand of flame (8)
 s - a wand of paralysis (22)
 B - a wand of iceblast (14)
 D - a wand of digging (13)
 Q - a wand of clouds (4)
Scrolls
 c - a scroll of enchant armour
 e - a scroll of identify
 g - 4 scrolls of blinking
 i - 17 scrolls of remove curse
 n - 8 scrolls of teleportation
 H - a scroll of fog
Potions
 l - a potion of ambrosia
 r - a potion of haste
 u - 6 potions of curing
 v - 3 potions of might
 z - a potion of cancellation
 A - 2 potions of berserk rage
 E - a potion of agility
Comestibles
 f - 45 rations
 h - 4 chunks of flesh


   Skills:
 + Level 11.1(9.4) Fighting
 * Level 14.1(12.2) Long Blades
 - Level 1.7(0.4) Throwing
 + Level 11.8(10.0) Armour
 + Level 9.6(8.0) Dodging
 - Level 6.2(4.7) Invocations
 + Level 7.1(5.6) Evocations


You had 13 spell levels left.
You didn't know any spells.
Your spell library contained the following spells:

 Spells                   Type           Power        Failure   Level  Hunger
 Corona                   Hex            #......      38%         1    ##.....
 Summon Small Mammal      Summ           #...         38%         1    ##.....
 Call Imp                 Summ           #.......     52%         2    ###....
 Ensorcelled Hibernation  Hex/Ice        #.....       52%         2    ###....
 Call Canine Familiar     Summ           #.......     77%         3    ####...
 Confuse                  Hex            #.......     77%         3    ####...
 Dazzling Flash           Conj/Hex       #.....       77%         3    ####...
 Summon Guardian Golem    Hex/Summ       #.......     77%         3    ####...
 Tukima's Dance           Hex            #.......     77%         3    ####...
 Summon Ice Beast         Ice/Summ       #.......     99%         4    #####..
 Summon Lightning Spire   Summ/Air       #.......     99%         4    #####..
 Bolt of Magma            Conj/Fire/Erth #.........   100%        5    ######.
 Iskenderun's Battlesphe  Conj/Chrm      #.......     100%        5    ######.
 Iron Shot                Conj/Erth      #.........   100%        6    #######
 Orb of Destruction       Conj           #.........   100%        7    #######
 Spellforged Servitor     Conj/Summ      #.........   100%        7    #######


Dungeon Overview and Level Annotations

Branches:
Dungeon (15/15)            Temple (1/1) D:7            Lair (5/6) D:11
  Swamp (0/4) Lair:3        Snake (0/4) Lair:4          Orc (0/2) D:9
 Vaults (0/5) D:13         Depths (0/5) D:15         Bailey (visited)
  IceCv (visited)         Gauntlet (visited)
  Slime: Lair:5-6

Altars:
Ashenzari
Cheibriados
Dithmenos
Elyvilon
Fedhas
Gozag
Hepliaklqana
Kikubaaqudgha
Makhleb
Nemelex Xobeh
Okawaru
Qazlal
Ru
Sif Muna
Trog
Uskayaw
Vehumet
Wu Jian
Xom
Yredelemnul
Zin
The Shining One

Shops:
D:5 ?   D:9 *   D:13 ?   D:15 (

Annotations:
Lair:5 Rupert


Innate Abilities, Weirdness & Mutations

You are resistant to torment.
Your stone body is resilient. (AC +10)
You are immune to poison.
Your large and strong wings let you fly indefinitely.
You resist negative energy. (rN+)
You are resistant to electric shocks. (rElec)
You can survive without breathing.
You are immune to petrification.
You are immune to rotting.


Message History

Press: ? - help, Shift-Dir - straight line, p - Rupert The mass of ice explodes!
The iceblast engulfs Rupert!
Rupert is lightly wounded.
The plant is engulfed in blazing flames.
Rupert is engulfed in blazing flames.
Rupert barely misses you.
You barely miss Rupert.
Rupert is moderately wounded.
The plant is engulfed in blazing flames.
Rupert is engulfed in blazing flames.
Rupert misses you.
Rupert is engulfed in blazing flames.
Rupert hits you with a +3 executioner's axe of flaming!!
Rupert burns you.
A red film seems to cover your vision as you go berserk!
You feel yourself moving faster!
You feel mighty!
The plant is engulfed in blazing flames.
Rupert is engulfed in blazing flames.
Rupert hits you with a +3 executioner's axe of flaming!!
* * * LOW HITPOINT WARNING * * *
Rupert burns you!
You die...

#..................
#.................
#P.............#.#
##..............# ##
#..............## ..#
##..............#..P#P
#....................
.............[.......
.......§@...........
....§§@PP..........
.##§§§°.......#.#P.
...§§§§......P# # .
P##§§§.#......#
#...........#
##.P...P#.#.#
###P########


You could see Rupert (berserk).

Vanquished Creatures
  A fire giant (D:15)
  Nessos (Lair:4)
  A minotaur (Gauntlet)
  A great orb of eyes (Gauntlet)
  Erolcha (D:9)
  A hydra (Lair:3)
  2 dancing weapons (D:13)
  2 centaur warriors (D:15)
  A two-headed ogre (D:15)
  A death scarab (Gauntlet)
  A tengu warrior (Gauntlet)
  The ghost of grouchysmurf the Grappler, a novice TrSk of Makhleb (D:8)
  Urug (Lair:4)
  An orc knight (Bailey)
  A harpy (shapeshifter) (D:13)
  4 unseen horrors
  7 ugly things
  A deep elf mage (D:14)
  2 cyclopes (D:14)
  A wolf spider (D:15)
  A salamander (shapeshifter) (D:15)
  6 black mambas
  3 gargoyles
  3 ice statues (IceCv)
  6 spiny frogs
  2 rime drakes (D:12)
  8 komodo dragons
  A minotaur zombie (Gauntlet)
  2 efreet
  2 tengu conjurers
  2 trolls
  2 polar bears
  3 hornets
  A harpy zombie (D:15)
  4 slime creatures (D:12)
  21 blink frogs
  11 hippogriffs
  2 spriggans (Lair:2)
  Sigmund (D:2)
  A spectral black mamba (Gauntlet)
  A water elemental (D:12)
  A spriggan (shapeshifter) (D:15)
  26 yaks
  2 wyverns
  A vampire (D:14)
  6 wraiths
  3 hungry ghosts
  A basilisk (Lair:2)
  Edmund (D:5)
  2 soldier ants
  2 nagas (Lair:4)
  2 acid dragons (D:14)
  5 water moccasins
  7 porcupines
  20 orc warriors
  A swamp drake (Lair:3)
  4 sky beasts
  7 ice beasts
  An ogre (D:11)
  4 black bears
  An eye of draining (D:11)
  A phantom (D:14)
  8 wolves
  4 boggarts (D:15)
  9 crocodiles
  13 centaurs
  3 big kobolds
  19 bullfrogs
  A gnoll sergeant (D:8)
  2 wyvern skeletons
  A scorpion (D:7)
  3 killer bees (D:9)
  26 wights
  4 howler monkeys
  3 electric eels
  6 crimson imps
  2 bullfrog zombies
  3 centaur zombies
  3 hounds
  2 quasits
  2 jellies
  14 orc wizards
  6 orc priests
  Crazy Yiuf (D:4)
  6 centaur skeletons
  6 bullfrog skeletons
  7 iguanas
  6 hell rats (Lair:4)
  9 worker ants
  2 hound zombies
  3 hound skeletons
  2 worker ant zombies
  15 gnolls
  A howler monkey skeleton (D:4)
  12 adders
  2 shadow imps
  An ooze (D:1)
  3 worms
  5 dart slugs
  11 leopard geckos
  71 orcs
  3 ball pythons
  5 giant cockroaches
  7 goblins
  13 hobgoblins
  13 jackals
  21 kobolds
  3 quokkas
  A ball python skeleton (D:5)
  4 bats
  9 frilled lizards
  A jackal skeleton (D:5)
  A quokka skeleton (D:4)
  7 rats
  A fungus (D:4)
  2 plants (D:14)
601 creatures vanquished.

Vanquished Creatures (others)
  A boggart (D:15)
  11 fungi
  4 plants
16 creatures vanquished.

Grand Total: 617 creatures vanquished

Notes
Turn   | Place    | Note
-------+----------+-------------------------------------------
     0 | D:1      | Borgoz the Gargoyle Gladiator began the quest for the Orb.
     0 | D:1      | Reached XP level 1. HP: 12/12 MP: 1/1
   323 | D:1      | Reached XP level 2. HP: 18/18 MP: 2/2
   333 | D:1      | Reached skill level 3 in Long Blades
   611 | D:1      | Reached skill level 1 in Armour
   621 | D:1      | Reached XP level 3. HP: 18/22 MP: 3/3
  1160 | D:2      | Reached XP level 4. HP: 22/27 MP: 4/4
  1420 | D:2      | Reached XP level 5. HP: 14/32 MP: 5/5
  2037 | D:2      | Noticed Sigmund
  2075 | D:2      | HP: 1/32 [something (8)]
  2076 | D:2      | Killed Sigmund
  2076 | D:2      | Reached skill level 4 in Long Blades
  2076 | D:2      | Reached XP level 6. HP: 1/38 MP: 6/6
  3381 | D:4      | Reached XP level 7. HP: 43/43 MP: 7/7
  3415 | D:4      | Found a stormy altar of Qazlal.
  3542 | D:4      | Reached skill level 5 in Long Blades
  4562 | D:5      | Entered Level 5 of the Dungeon
  4895 | D:5      | Noticed Edmund
  4907 | D:5      | Reached XP level 8. HP: 34/48 MP: 8/8
  4921 | D:5      | Killed Edmund
  4921 | D:5      | Reached skill level 6 in Long Blades
  5047 | D:5      | Found a sacrificial altar of Ru.
  5047 | D:5      | Found a snail-covered altar of Cheibriados.
  5176 | D:5      | Found Qelehy's Magic Scroll Shoppe.
  5185 | D:5      | Bought a scroll of identify for 24 gold pieces
  5185 | D:5      | Bought a scroll of identify for 24 gold pieces
  5185 | D:5      | Bought a scroll of identify for 24 gold pieces
  5185 | D:5      | Bought 3 scrolls of remove curse for 108 gold pieces
  5185 | D:5      | Bought a scroll of teleportation for 36 gold pieces
  5318 | D:6      | Reached skill level 5 in Fighting
  6192 | D:6      | Found a sacrificial altar of Ru.
  6304 | D:7      | Reached skill level 5 in Armour
  6340 | D:7      | Noticed a hippogriff
  6342 | D:7      | Found a staircase to the Ecumenical Temple.
  6351 | D:7      | Killed a hippogriff
  6351 | D:7      | Reached skill level 7 in Long Blades
  6351 | D:7      | Reached XP level 9. HP: 13/55 MP: 9/9
  6585 | Temple   | Entered the Ecumenical Temple
  6590 | Temple   | Became a worshipper of Warmaster Okawaru
  6794 | D:7      | Reached skill level 5 in Dodging
  6859 | D:7      | Reached skill level 1 in Invocations
  7379 | D:7      | Reached * piety under Okawaru
  7871 | D:4      | Found a runed translucent door.
  7872 | D:4      | Noticed Crazy Yiuf
  7879 | D:4      | Killed Crazy Yiuf
  7887 | D:4      | Got a polished mace
  7888 | D:4      | Identified the cursed +0 mace of Gluttony {flame, Stlth+}
                  | (You found it on level 4 of the Dungeon)
  8222 | D:8      | Reached skill level 8 in Long Blades
  8883 | D:8      | Found a runed translucent gate.
  8883 | D:8      | Found a runed translucent gate.
  8884 | D:8      | Found a runed translucent gate.
  8886 | D:8      | Noticed grouchysmurf's ghost (novice TrSk)
  9322 | D:9      | Reached XP level 10. HP: 48/61 MP: 12/12
  9339 | D:9      | Reached ** piety under Okawaru
  9457 | D:9      | Identified the +1 robe of Action {Dex+2}
  9473 | D:9      | Killed an unseen horror
  9888 | D:9      | Found a staircase to the Orcish Mines.
 10113 | D:9      | Noticed Erolcha
 10120 | D:9      | Killed Erolcha
 10120 | D:9      | Reached *** piety under Okawaru
 10120 | D:9      | Reached skill level 9 in Long Blades
 10178 | D:9      | Found Tytrekk's General Store.
 10325 | D:9      | Reached **** piety under Okawaru
 10480 | D:10     | Entered Level 10 of the Dungeon
 10593 | D:10     | Noticed a green ugly thing
 10612 | D:10     | Killed a green ugly thing
 10612 | D:10     | Reached skill level 5 in Invocations
 10743 | D:10     | Reached XP level 11. HP: 51/67 MP: 14/14
 11219 | D:10     | Found a shadowy altar of Dithmenos.
 11462 | D:10     | Reached skill level 10 in Long Blades
 11719 | D:11     | Reached ***** piety under Okawaru
 11832 | D:11     | Found a staircase to the Lair.
 12667 | D:12     | Reached skill level 1 in Evocations
 12802 | D:12     | Noticed a white ugly thing
 12813 | D:12     | Killed a white ugly thing
 12845 | D:12     | Killed an unseen horror
 12845 | D:12     | Reached ****** piety under Okawaru
 12845 | D:12     | Received a gift from Okawaru
 12852 | D:12     | Got a fine ring mail {god gift}
 12866 | D:12     | Identified the +5 ring mail "Sulac" {-Cast rPois rC+ Dex+6}
                  | (Okawaru gifted it to you on level 12 of the Dungeon)
 12899 | D:12     | Found a frozen archway.
 12910 | D:12     | Reached skill level 11 in Long Blades
 12959 | IceCv    | Entered an ice cave
 12968 | IceCv    | Reached XP level 12. HP: 55/73 MP: 16/16
 13786 | IceCv    | Found the +8 longbow "Zephyr" {speed, Dex+3 SInv}
 13987 | IceCv    | Got warped ice dragon scales
 14109 | D:12     | Identified the cursed +0 ice dragon scales "Liubbu" {rF-
                  | rC++ MP+9 Slay+2} (You found it in an ice cave)
 14518 | D:13     | Found a gate to the Vaults.
 14949 | D:13     | Found Eriedisi's Magic Scroll Shop.
 15865 | D:14     | Got an ancient great sword
 15887 | D:14     | Identified the +4 great sword "Zesodd Cida" {flame, *Drain
                  | Dex+7} (You found it on level 14 of the Dungeon)
 15893 | D:14     | Found a flagged portal.
 15972 | Bailey   | Entered a bailey
 16170 | Bailey   | Reached skill level 12 in Long Blades
 16261 | Bailey   | Found a roughly hewn altar of Beogh.
 16264 | Bailey   | Reached skill level 10 in Armour
 16280 | Bailey   | Got a fine bardiche
 16283 | Bailey   | Got a shimmering bardiche
 16390 | D:14     | Got a bloodstained ring mail
 16401 | D:14     | Identified the +4 ring mail "Othic" {rCorr} (You found it
                  | on level 14 of the Dungeon)
 16450 | D:14     | Reached XP level 13. HP: 80/80 MP: 17/17
 16707 | D:14     | Found the +5 robe of Misfortune {*Contam Harm *Corrode
                  | *Drain *Slow EV+5}
 17168 | D:14     | Received a gift from Okawaru
 17273 | D:15     | Entered Level 15 of the Dungeon
 17520 | D:15     | Found a staircase to the Depths.
 17520 | D:15     | Noticed a fire giant
 17973 | D:15     | Found a sparkling altar of Nemelex Xobeh.
 17990 | D:15     | Reached skill level 5 in Evocations
 18053 | D:15     | Killed a fire giant
 18450 | D:15     | Found Mifian's Antique Weapon Shoppe.
 18559 | D:15     | Reached skill level 10 in Fighting
 18830 | D:8      | Killed grouchysmurf's ghost
 18935 | Lair:1   | Entered Level 1 of the Lair of Beasts
 18968 | Lair:1   | Reached skill level 13 in Long Blades
 19165 | Lair:1   | Got a pair of bloodstained gloves
 19177 | Lair:1   | Gained mutation: Your large and strong wings let you fly
                  | indefinitely. [Gargoyle growth]
 19177 | Lair:1   | Reached XP level 14. HP: 65/88 MP: 18/18
 19199 | Lair:1   | Identified the cursed +0 pair of gloves of Qazlal's Esteem
                  | {rC+ Str+4} (You found it on level 1 of the Lair of Beasts)
 19755 | Lair:2   | Received a gift from Okawaru
 19793 | Lair:2   | Identified a +1 pair of boots of running (Okawaru gifted it
                  | to you on level 2 of the Lair of Beasts)
 21085 | Lair:3   | Found a staircase to the Swamp.
 21353 | Lair:4   | Noticed Nessos
 21383 | Lair:4   | Killed Nessos
 21537 | Lair:4   | Identified a scroll of acquirement
 21538 | Lair:4   | Found the +3 warlock's mirror {reflect}
 21567 | Lair:4   | Found a gate leading to a gauntlet.
 21580 | Gauntlet | Entered a Gauntlet
 21580 | Gauntlet | Found a transporter.
 21580 | Gauntlet | Found a transporter.
 21580 | Gauntlet | Found a transporter.
 21604 | Gauntlet | Found a transporter.
 21616 | Gauntlet | Found a transporter.
 21617 | Gauntlet | Found a transporter.
 21626 | Gauntlet | Found a transporter.
 21696 | Gauntlet | Found a runed translucent door.
 21697 | Gauntlet | Found a transporter.
 21698 | Gauntlet | Found a runed translucent door.
 21711 | Gauntlet | Found a transporter.
 21714 | Gauntlet | Found a transporter.
 21722 | Gauntlet | Found a transporter.
 21725 | Gauntlet | Found a transporter.
 21849 | Gauntlet | Got a polished hat
 21860 | Gauntlet | Identified the cursed +0 hat of the Black Skies {Regen+
                  | Dex+8} (You found it in a Gauntlet)
 21988 | Gauntlet | Got a crystal long sword
 21988 | Gauntlet | Got a smoking short sword
 22228 | Lair:4   | Reached skill level 14 in Long Blades
 22235 | Lair:4   | Received a gift from Okawaru
 22245 | Lair:4   | Got a warped plate armour {god gift}
 22257 | Lair:4   | Noticed Urug
 22263 | Lair:4   | Killed Urug
 22431 | Lair:4   | Found a staircase to the Snake Pit.
 22685 | Lair:1   | Identified the cursed +2 long sword "Usul" {speed, rC++
                  | Str+4 SInv} (You found it in a Gauntlet)
 22696 | Lair:1   | Identified the +5 plate armour "Bepa" {rN+ Int+2 SInv}
                  | (Okawaru gifted it to you on level 4 of the Lair of Beasts)
 22697 | Lair:1   | Identified the cursed +1 short sword of Terror {venom,
                  | *Slow rC+ Str+6} (You found it in a Gauntlet)
 23008 | Lair:5   | Noticed Rupert
 23014 | Lair:5   | Paralysed by Rupert for 4 turns
 23024 | Lair:5   | Slain by Rupert

Levels and vault maps discovered:
D:1:      sevenhm_arrival_forest_fort_large_2, layout_rooms
D:2:      layout_loops_ring, minivault_25, uniq_sigmund
D:3:      layout_basic, first_ration, saegor_snake_ambush
D:4:      layout_layer_cave, grunt_qazlal_sundering, uniq_crazy_yiuf_cottage
D:5:      layout_loops_ring, gammafunk_temple_overflow_statue, serial_shops,
          shop_scrolls, uniq_edmund
D:6:      layout_loops_ring, minivault_5, nicolae_ru_path_of_blood
D:7:      layout_basic, minmay_temple_entry_arrows
D:8:      layout_loops_corners, gammafunk_ghost_spectres, serial_rivers,
          chequers_serial_rivers_marsh, chequers_serial_rivers_room_a,
          chequers_serial_rivers_micro_e, chequers_serial_rivers_small_b,
          chequers_serial_rivers_small_a, chequers_serial_rivers_small_3
D:9:      layout_rooms, orc_david_3, serial_shops, shop, grunt_ministairs_8,
          uniq_erolcha
D:10:     layout_gridville, basic_altar
D:11:     layout_rooms, due_lair_maze_entry_diamond, grunt_tengu_nest
D:12:     layout_basic, portal_ice_cave_rime
D:13:     layout_long_grid, erik_vaults_1, serial_shops, shop
D:14:     minmay_weird_star, layout_small_grid, enter_bailey_2,
          infiniplex_staircase_zigzag_2
D:15:     grunt_enter_depths_giant_problem, layout_basic, grunt_decor_clamped,
          serial_shops, shop, basic_altar
Temple:   regret_index_temple_chain_breaker
Lair:1:   layout_regular_city, infiniplex_staircase_pool
Lair:2:   layout_chaotic_city, forest_entry_grove, grunt_megastairs_3,
          serial_bayou_shore_b
Lair:3:   layout_regular_city, minmay_swamp_entry_reptiles, lemuel_old_faithful
Lair:4:   layout_cave_pods, guppyfry_snake_entry_island, gauntlet_entry_generic,
          uniq_nessos, uniq_urug
Lair:5:   layout_small_grid, uniq_snorg, uniq_rupert

Skill      XL: |  1  2  3  4  5  6  7  8  9 10 11 12 13 14 |
---------------+-------------------------------------------+-----
Long Blades    | 3 4 5 7 8 9 11 12 13 14 | 14.1
Armour         | 1 2 3 4 5 6 7 9 10 11 | 11.8
Fighting       | 3 4 5 6 7 9 10 11 | 11.1
Dodging        | 3 4 5 6 7 8 9 |  9.6
Invocations    | 2 5 6 |  6.2
Evocations     | 2 4 5 7 |  7.1
Throwing       | |  1.7

Action                   |  1- 3 |  4- 6 |  7- 9 | 10-12 | 13-15 || total
-------------------------+-------+-------+-------+-------+-------++-------
Melee: Long sword        |    86 |   168 |   581 |   631 |       ||  1466
       Scimitar          |       |       |    65 |   106 |       ||   171
       Great sword       |       |       |       |    51 |   471 ||   522
Throw: Throwing net      |       |     4 |     1 |       |       ||     5
Invok: Heroism           |       |       |       |     1 |     1 ||     2
 Abil: Fly               |       |       |       |       |     1 ||     1
Evoke: Wand              |       |       |     3 |    35 |     2 ||    40
  Use: Scroll            |     1 |       |    15 |     5 |    12 ||    33
       Potion            |       |     4 |     1 |     1 |     7 ||    13
 Stab: Held in net/web   |       |     1 |       |       |       ||     1
       Sleeping          |       |       |       |     1 |     2 ||     3
       Distracted        |       |       |       |       |     1 ||     1
  Eat: Chunk             |     1 |     7 |    20 |    23 |    23 ||    74
       Ration            |       |       |       |     2 |       ||     2
Armor: Leather armour    |    27 |    51 |    22 |       |       ||   100
       Skin              |       |    12 |       |       |     1 ||    13
       Scale mail        |       |       |   360 |   292 |       ||   652
       Ring mail         |       |       |       |    74 |   232 ||   306
       Ice dragon scales |       |       |       |    66 |       ||    66
Dodge: Dodged            |    55 |   120 |   426 |   533 |   609 ||  1743
       Deflected         |       |     2 |     7 |    11 |       ||    20
Block: Other             |       |       |     7 |    25 |       ||    32
       Reflection        |       |       |       |     1 |       ||     1
       Rpst.: Long sword |    15 |    31 |    96 |   125 |       ||   267
       Scimitar          |       |       |    15 |    18 |       ||    33
       Great sword       |       |       |       |     7 |   173 ||   180

Table legend:
 A = Non-vault XP
 B = Vault XP
 C = Vault XP percentage of total XP
 D = Non-vault monster count
 E = Vault monster count
 F = Vault count percentage of total count
                 A         B        C        D         E       F
            +---------+---------+-------+---------+---------+-------
      Total |   56938 |   25477 |  30.9 |     506 |      92 |  15.4
            +---------+---------+-------+---------+---------+-------
        D:1 |      73 |       0 |   0.0 |      34 |       0 |   0.0
        D:2 |     143 |     220 |  60.6 |      20 |       1 |   4.8
        D:3 |      65 |       2 |   3.0 |      24 |       1 |   4.0
        D:4 |     298 |      39 |  11.6 |      21 |       1 |   4.5
        D:5 |     473 |     178 |  27.3 |      20 |       1 |   4.8
        D:6 |     570 |       0 |   0.0 |      29 |       0 |   0.0
        D:7 |    1742 |       0 |   0.0 |      40 |       0 |   0.0
        D:8 |     789 |    1892 |  70.6 |      23 |       6 |  20.7
        D:9 |    2197 |    1495 |  40.5 |      28 |      11 |  28.2
       D:10 |    2214 |       0 |   0.0 |      35 |       0 |   0.0
       D:11 |    2378 |    1334 |  35.9 |      28 |       8 |  22.2
       D:12 |    4282 |     762 |  15.1 |      23 |       2 |   8.0
       D:13 |    3957 |    1808 |  31.4 |      21 |       2 |   8.7
       D:14 |    6166 |       0 |   0.0 |      30 |       0 |   0.0
       D:15 |    9131 |    1765 |  16.2 |      30 |       1 |   3.2
     Lair:1 |    7194 |       0 |   0.0 |      29 |       0 |   0.0
     Lair:2 |    3832 |    2143 |  35.9 |      16 |      12 |  42.9
     Lair:3 |    5188 |     241 |   4.4 |      21 |       4 |  16.0
     Lair:4 |    5065 |    2420 |  32.3 |      28 |       4 |  12.5
     Lair:5 |    1181 |       0 |   0.0 |       6 |       0 |   0.0
     Bailey |       0 |    2050 | 100.0 |       0 |      18 | 100.0
      IceCv |       0 |    3155 | 100.0 |       0 |      11 | 100.0
   Gauntlet |       0 |    5973 | 100.0 |       0 |       9 | 100.0
            +---------+---------+-------+---------+---------+-------
